 Dungeon Crawl Stone Soup version 0.13.0-29-gdb529de (webtiles) character file.

197 Brokkr the Covered (level 4, -4/28 HPs)
             Began as a Gargoyle Fighter on Nov 5, 2013.
             Killed by divine providence
             ... invoked by an orc priest
              (16 damage)
             ... on Level 3 of the Dungeon.
             The game lasted 00:09:51 (1352 turns).

Brokkr the Covered (Gargoyle Fighter)               Turns: 1352, Time: 00:09:53

HP  -4/28        AC 12     Str 20      XL: 4   Next: 75%
MP   3/3         EV  6     Int  9      God:
Gold 96          SH 18     Dex  9      Spells:  0 memorised,  3 levels left

Res.Fire  : . . .   See Invis. : .   a - +0 mace
Res.Cold  : . . .   Warding    : .   b - +0 scale mail
Life Prot.: + . .   Conserve   : .   c - +0 shield
Res.Poison: +       Res.Corr.  : .   (no helmet)
Res.Elec. : +       Clarity    : .   (no cloak)
Sust.Abil.: . .     Spirit.Shd : .   k - +1 pair of dwarf gloves
Res.Mut.  : .       Stasis     : .   (no boots)
Res.Rott. : +       Flight     : .   f - amulet of rage
Saprovore : . . .                    (no ring)
                                     (no ring)

@: slightly resistant to hostile enchantments, extremely unstealthy
A: fangs 1, talons 2, life protection 1, electricity resistance, slow metabolism
1, unbreathing, petrification resistance, AC +3
a: Evoke Berserk Rage


You were on level 3 of the Dungeon.
You were not hungry.

You visited 1 branch of the dungeon, and saw 3 of its levels.

You collected 76 gold pieces.

Inventory:

Hand weapons
 a - a +0,+0 mace (weapon)
Armour
 b - a +0 scale mail (worn)
 c - a +0 shield (worn)
 k - a +1 pair of dwarven gloves (worn)
Comestibles
 d - 3 bread rations
 j - an apricot
 n - a choko
 s - a meat ration
Scrolls
 e - 2 scrolls of remove curse {unknown}
 g - a scroll of random uselessness
 m - a scroll of fear {unknown}
 p - a scroll of curse armour {unknown}
 r - 2 scrolls of identify
Jewellery
 f - an amulet of rage (around neck)
Potions
 i - a potion of restore abilities {unknown}
 l - a potion of confusion {unknown}
 o - a potion of magic {unknown}
 q - a potion of flight {unknown}


   Skills:
 + Level 3.9 Fighting
 + Level 2.9 Maces & Flails
 + Level 4.1 Armour
 + Level 1.0 Dodging
 + Level 4.0 Shields


You had 3 spell levels left.
You didn't know any spells.

Dungeon Overview and Level Annotations

Branches:
Dungeon (3/27)

Altars:
Makhleb


Innate Abilities, Weirdness & Mutations

You are resistant to torment.
You are immune to poison.
Your stone body is very resilient (AC +3).
You have very sharp teeth.
You have razor-sharp toenails.
You resist negative energy.
You are resistant to electric shocks.
You have a slow metabolism.
You can survive without breathing.
You are immune to petrification.


Message History

The orc priest is lightly wounded.
The orc hits you but does no damage.
The orc priest mumbles some strange prayers to Beogh against you.
Something smites you!
Ouch! That really hurt!
The orc hits you but does no damage.
The orc priest hits you but does no damage.
You hit the orc priest but do no damage.
You claw the orc priest, but do no damage.
The orc priest is lightly wounded.
You block the orc's attack.
The orc priest hits you but does no damage.
You hit the orc priest but do no damage.
Your bite misses the orc priest.
The orc priest is lightly wounded.
The orc hits you but does no damage.
The orc priest calls down the wrath of Beogh upon you.
Something smites you!
Ouch! That really hurt!
You die...

.###### .......
.......
..###(.o########
.......o@(.)...###.###
..###.######<........#
#.......... #.##......
#.# ###.## #.# # ...
... ##.#


You could see an orc priest and an orc.

Vanquished Creatures
  A giant mite (D:2)
  4 adders (D:2)
  A worm (D:2)
  A giant gecko (D:2)
  2 oozes
  2 orcs (D:3)
  A ball python (D:2)
  5 bats
  2 giant cockroaches (D:1)
  5 hobgoblins
  2 jackals (D:1)
  6 kobolds
  A quokka (D:2)
  4 giant newts
  6 goblins
  7 rats
50 creatures vanquished.

Notes
Turn   | Place    | Note
--------------------------------------------------------------
     0 | D:1      | Brokkr, the Gargoyle Fighter, began the quest for the Orb.
     0 | D:1      | Reached XP level 1. HP: 14/14 MP: 0/0
   176 | D:1      | Reached XP level 2. HP: 19/19 MP: 1/1
   441 | D:1      | Reached XP level 3. HP: 24/24 MP: 2/2
   644 | D:2      | Found a burning altar of Makhleb.
   787 | D:2      | Reached XP level 4. HP: 25/28 MP: 3/3
   818 | D:2      | Reached skill level 4 in Shields
  1098 | D:2      | Reached skill level 1 in Dodging
  1352 | D:3      | Killed from afar by an orc priest

Action                   |  1- 3 |  4- 6 || total
-------------------------+-------+-------++-------
Melee: Mace              |    97 |    35 ||   132
Throw: Dart              |     2 |     4 ||     6
  Use: Scroll            |     3 |       ||     3
